 Dungeon Crawl Stone Soup version 0.28-a0-500-g121bc3e445 (webtiles) character file.

Game seed: 7874987403915491283

3052 speeev33 the Slinger (level 9, 0/84 HPs)
             Began as a Minotaur Hunter on Sept 19, 2021.
             Was a Priest of Okawaru.
             Slain by an ogre (6 damage)
             ... on level 6 of the Dungeon.
             The game lasted 00:13:18 (7406 turns).

speeev33 the Slinger (Minotaur Hunter)              Turns: 7406, Time: 00:13:19

Health: 0/84       AC: 19    Str: 19    XL:     9   Next: 57%
Magic:  8/8        EV:  7    Int:  8    God:    Okawaru [***...]
Gold:   355        SH:  0    Dex: 12    Spells: 8/8 levels left

rFire   . . .      SeeInvis +   b - +3 trident
rCold   . . .      Faith    .   (no shield)
rNeg    + . .      Spirit   .   E - +0 plate armour
rPois   .          Reflect  .   (helmet restricted)
rElec   +          Harm     .   r - +0 cloak
rCorr   .          Rampage  .   (no gloves)
Will    .....                   (no boots)
Stlth   ..........              u - amulet of Gyustir {Acrobat rElec rN+}
HPRegen 0.24/turn               e - +4 ring of protection
MPRegen 0.11/turn               s - ring of see invisible

@: no status effects
A: horns 2, retaliatory headbutt
a: Renounce Religion, Heroism


You were on level 6 of the Dungeon.
You worshipped Okawaru.
Okawaru was most pleased with you.
You visited 2 branches of the dungeon, and saw 7 of its levels.
You also visited: Ossuary.

You collected 355 gold pieces.

Inventory:

Hand Weapons
 a - a +2 hunting sling
 b - a +3 trident (weapon)
Missiles
 j - 10 sling bullets
 l - 8 boomerangs of dispersal
 m - 30 poisoned darts (quivered)
 o - 48 stones
Armour
 r - a +0 cloak (worn)
 E - a +0 plate armour (worn)
Magical Staves
 p - a staff of poison
Jewellery
 e - a +4 ring of protection (left hand)
 s - a ring of see invisible (right hand)
 t - a ring of flight
 u - the amulet of Gyustir (around neck) {Acrobat rElec rN+}
   (You acquired it on level 5 of the Dungeon)

   [amulet of the acrobat]

   It increases your evasion while moving and waiting.
   rElec:     It insulates you from electricity.
   rN:        It protects you from negative energy.
Wands
 d - a wand of iceblast (5)
 h - a wand of digging (5)
 y - a wand of flame (18)
Scrolls
 c - 4 scrolls of teleportation
 f - 3 scrolls of fear
 k - a scroll of enchant weapon
 q - 2 scrolls of enchant armour
 v - a scroll of fog
 w - 3 scrolls of identify
 C - a scroll of summoning {unknown}
Potions
 g - a potion of invisibility
 i - a potion of heal wounds
 n - 2 potions of degeneration {unknown}
 x - a potion of brilliance {unknown}
 z - a potion of mutation {unknown}
 A - a potion of haste {unknown}
 B - 2 potions of curing {unknown}
 D - a potion of flight {unknown}


   Skills:
 + Level 9.6 Fighting
 + Level 9.6 Slings
 + Level 9.1 Armour
 - Level 2.1 Dodging
 - Level 0.7 Stealth


You had 8 spell levels left.
You didn't know any spells.
Your spell library was empty.

Dungeon Overview and Level Annotations

Branches:
Dungeon (6/15)             Temple (1/1) D:4         Ossuary (visited)

Altars:
Fedhas
Okawaru
Qazlal
Ru
Uskayaw
The Shining One

Annotations:
D:3 1 runed translucent door, Crazy Yiuf


Innate Abilities, Weirdness & Mutations

You have a pair of horns on your head.
You reflexively headbutt those who attack you in melee.


Message History

The centaur hits you but does no damage.
The centaur kicks you but does no damage.
The orc priest closely misses you.
The gnoll hits you from afar with a +0 spear.
* * * LOW HITPOINT WARNING * * *
The centaur barely misses you. x2
The ogre hits you with a +0 giant spiked club.
* * * LOW HITPOINT WARNING * * *
The gnoll hits you but does no damage.
The orc priest hits you but does no damage.
The centaur wields a +0 shortbow.
The centaur shoots an arrow.
The arrow barely misses you.
The centaur shoots an arrow.
The arrow hits you.
* * * LOW HITPOINT WARNING * * *
The ogre closely misses you.
The centaur shoots an arrow.
The arrow misses you.
The centaur shoots an arrow.
The arrow misses you.
There is an open gate here.
The centaur shoots an arrow.
The arrow completely misses you.
The orc priest miscasts a cantrip.
The centaur shoots an arrow.
The arrow barely misses you.
The orc priest looks satisfied for a moment.
The centaur shoots an arrow.
The arrow closely misses you.
The centaur shoots an arrow.
The arrow hits you.
* * * LOW HITPOINT WARNING * * *
The centaur shoots an arrow.
The arrow hits you.
* * * LOW HITPOINT WARNING * * *
The centaur shoots an arrow.
The arrow closely misses you.
The centaur shoots an arrow.
The arrow hits you.
* * * LOW HITPOINT WARNING * * *
The centaur shoots an arrow.
The arrow barely misses you.
Reach: b) +3 trident
Press: ? - help, Dir - move target, f - ogre
Aim: an ogre, wielding a +0 giant spiked club (severely wounded, about 23% to evade your +3 trident)
You reach to attack!
You hit the ogre.
The ogre is severely wounded.
The orc priest mumbles some strange prayers to Beogh against you.
Beogh smites you!
* * * LOW HITPOINT WARNING * * *
The ogre hits you with a +0 giant spiked club.
You die... # #...# #..... # ##...# #...PP # ####....# #...♣P # ##.>.....# ##.PPPP

# ############..##....# #...♣PP
####............###....# ##..PPPP
.....####.####......######^....♣#
###..##.....##.#.#### #...)....'
..#..#.......#..@#######........'
#....#.......#...O.g...o........'
........._.....###.c..####......#
###..#....(..#.###.#### ##..PP♣#
###..#.......#.##..# #..♣P♣
.....##.....##..#.## #.PP♣♣
#....####.####....# #...♣P♣
##.............#.## #..PPPP#
##..........#.#..# #.....#


You could see an ogre, a centaur, an orc priest and a gnoll.

Vanquished Creatures
  Maggie (D:6)
  Grinder (D:5)
  Sigmund (D:2)
  Eustachio (D:5)
  2 wraiths (Ossuary)
  Menkaure (D:6)
  A water moccasin (D:5)
  An orc warrior (D:6)
  A black bear (D:3)
  4 ogres (D:6)
  An ice beast (D:6)
  2 centaurs (D:6)
  A phantom (D:4)
  A gnoll sergeant (D:6)
  2 wyvern skeletons
  2 wights (Ossuary)
  A jelly (D:6)
  6 hounds
  A gnoll shaman (D:6)
  3 iguanas
  Ijyb (D:2)
  2 orc wizards
  A hound skeleton (D:4)
  A howler monkey zombie (D:6)
  10 adders
  12 gnolls
  2 white imps (D:6)
  2 adder zombies (Ossuary)
  A worm (D:4)
  3 dart slugs
  10 orcs
  4 endoplasms
  A giant cockroach (D:1)
  11 hobgoblins
  19 jackals
  6 quokkas
  5 ball pythons
  3 ball python skeletons (Ossuary)
  5 bats
  6 frilled lizards
  16 goblins
  A hobgoblin zombie (Ossuary)
  9 kobolds
  A kobold zombie (Ossuary)
  2 orc skeletons (Ossuary)
  An orc zombie (Ossuary)
  5 rats
174 creatures vanquished.

Notes
Turn   | Place    | Note
-------+----------+-------------------------------------------
     0 | D:1      | speeev33 the Minotaur Hunter began the quest for the Orb.
     0 | D:1      | Reached XP level 1. HP: 18/18 MP: 0/0
   166 | D:1      | Reached skill level 1 in Armour
   185 | D:1      | Reached XP level 2. HP: 25/25 MP: 1/1
   407 | D:1      | Reached XP level 3. HP: 24/31 MP: 2/2
   955 | D:1      | Reached skill level 5 in Slings
  1126 | D:2      | Reached XP level 4. HP: 39/39 MP: 3/3
  1128 | D:2      | Noticed Sigmund
  1151 | D:2      | Killed Sigmund
  1152 | D:2      | Reached XP level 5. HP: 5/47 MP: 4/4
  1161 | D:2      | HP: 1/47 [adder (3)]
  1647 | D:2      | Found an iron altar of Okawaru.
  1743 | D:2      | Became a worshipper of Warmaster Okawaru
  1781 | D:2      | Found a faded altar of an unknown god.
  1953 | D:2      | Reached XP level 6. HP: 55/55 MP: 5/5
  2046 | D:2      | Noticed Ijyb
  2177 | D:2      | Paralysed by Ijyb for 3 turns
  2183 | D:2      | Killed Ijyb
  2434 | D:3      | Reached skill level 5 in Fighting
  3167 | D:3      | Found a runed translucent door.
  3168 | D:3      | Noticed Crazy Yiuf
  3404 | D:4      | Found a staircase to the Ecumenical Temple.
  3432 | D:4      | Reached skill level 5 in Armour
  3432 | D:4      | Reached XP level 7. HP: 44/62 MP: 6/6
  3551 | Temple   | Entered the Ecumenical Temple
  3787 | D:4      | Found a sacrificial altar of Ru.
  3796 | D:4      | Found a blossoming altar of Fedhas.
  3904 | D:4      | You fall into a shaft and drop 1 floor!
  3904 | D:5      | Entered Level 5 of the Dungeon
  4382 | D:5      | Identified a scroll of acquirement
  4382 | D:5      | Acquired the amulet of Gyustir {Acrobat rElec rN+}
  4716 | D:5      | Reached * piety under Okawaru
  5150 | D:5      | Noticed Eustachio
  5162 | D:5      | Killed Eustachio
  5163 | D:5      | Reached XP level 8. HP: 71/71 MP: 7/7
  5188 | D:5      | Noticed Grinder
  5207 | D:5      | Killed Grinder
  5522 | D:6      | Noticed Maggie
  5554 | D:6      | Killed Maggie
  5554 | D:6      | Reached ** piety under Okawaru
  5703 | D:6      | Noticed Menkaure
  5714 | D:6      | Killed Menkaure
  5846 | D:6      | Found a sand-covered staircase.
  5857 | Ossuary  | Entered an ossuary
  6041 | Ossuary  | Noticed a flying skull
  6052 | Ossuary  | Noticed a flying skull
  6054 | Ossuary  | Noticed a flying skull
  6077 | Ossuary  | Noticed a flying skull
  6083 | Ossuary  | Noticed a flying skull
  6309 | Ossuary  | Reached XP level 9. HP: 6/82 MP: 8/8
  6922 | D:6      | Reached *** piety under Okawaru
  6945 | D:6      | Found a stormy altar of Qazlal.
  7406 | D:6      | Slain by an ogre

Illustrated notes

Levels and vault maps discovered:
D:1:      dpeg_arrival_central, layout_basic, minmay_pentomino_z2
D:2:      kennysheep_the_goblin_king, layout_rooms,
          hellmonk_ecumenical_altar_zigzags, basic_altar,
          roderic_nine_men_s_morris, minmay_misc_feat_rugged, uniq_sigmund
D:3:      layout_rooms, uniq_crazy_yiuf_cottage
D:4:      layout_cave_pools, fedhas_altar_2, mainiacjoe_overflow_tiny_flanked,
          minmay_temple_entry_large_hall, chequers_serial_rivers_micro_d
D:5:      layout_loops_ring, roderic_lattice_a, uniq_eustachio, uniq_grinder,
          uniq_ijyb
D:6:      kennysheep_housing_project, layout_rooms, old_standard_altar,
          enter_ossuary_3, serial_corexii_hall, chequers_hall_statues_corner_a,
          chequers_hall_statues_wall_a, uniq_menkaure, uniq_maggie
Temple:   dpeg_chambers_temple

Skill      XL: |  1  2  3  4  5  6  7  8  9 |
---------------+----------------------------+-----
Armour         | 1 2 3 5 6 8 9 |  9.1
Fighting       | 3 4 5 6 8 9 |  9.6
Slings         | 5 6 7 8 9 |  9.6
Dodging        | |  2.1
Stealth        | |  0.7

Action                   |  1- 3 |  4- 6 |  7- 9 || total
-------------------------+-------+-------+-------++-------
Melee: Spear             |     2 |    12 |     1 ||    15
       Hunting sling     |       |     1 |       ||     1
       Headbutt          |       |     1 |    14 ||    15
       Trident           |       |       |    92 ||    92
 Fire: Hunting sling     |    93 |   168 |   272 ||   533
Throw: Dart              |       |       |     7 ||     7
Invok: Heroism           |       |       |     4 ||     4
Evoke: Wand              |       |       |     6 ||     6
  Use: Scroll            |     4 |     4 |     3 ||    11
       Potion            |       |     1 |     2 ||     3
Armor: Ring mail         |     9 |    20 |       ||    29
       Chain mail        |       |    14 |   103 ||   117
       Plate armour      |       |       |    31 ||    31
Dodge: Dodged            |    12 |    42 |   112 ||   166

Table legend: (Time is in decaauts)
 A = Elapsed time spent in this place.
 B = Non-inter-level travel time spent in this place.
 C = Inter-level travel time spent in this place.
 D = Time resting spent in this place.
 E = Time spent auto-exploring this place.
 F = Levels seen in this place.
 G = Mean time per level.
                   A        B        C        D        E       F      G
               +--------+--------+--------+--------+--------+-----+--------+
         Total |   7400 |   7099 |    301 |   1147 |   4460 |   8 |  925.0 |
       Dungeon |   6407 |   6106 |    301 |    879 |   3936 |   6 | 1067.8 |
        Temple |     13 |     13 |      0 |     12 |      0 |   1 |   13.0 |
       Ossuary |    979 |    979 |      0 |    256 |    524 |   1 |  979.0 |
               +--------+--------+--------+--------+--------+-----+--------+

Top non-repeatable levels by time:
     D:2: 1320 daAuts
     D:1: 1189 daAuts
     D:5: 1145 daAuts
     D:6: 1049 daAuts
 Ossuary: 979 daAuts
     D:4: 916 daAuts
     D:3: 786 daAuts
  Temple: 13 daAuts
